 Dungeon Crawl Stone Soup version 0.19.1 (webtiles) character file.

512085 GordonOverkill the Slayer (level 25, -1/198 (200) HPs)
             Began as a Hill Orc Skald on Dec 10, 2016.
             Was the Champion of Beogh.
             Slain by a large abomination (15 damage)
             ... on level 3 of the Abyss on Dec 11, 2016.
             The game lasted 03:32:48 (76279 turns).

GordonOverkill the Slayer (Hill Orc Skald)         Turns: 76279, Time: 03:32:49

HP:   -1/198 (200)  AC: 51    Str: 19    XL:     25   Next: 57%
MP:   27/27         EV:  9    Int: 11    God:    Beogh [******]
Gold: 1851          SH: 17    Dex: 19    Spells: 0 memorised, 27 levels left

rFire  + . .     SeeInvis +     Z - +9 demon trident (elec)
rCold  + + .     Gourm    .     C - +11 gold dragon scales
rNeg   . . .     Faith    .     I - +2 shield of the Morning Star {rC+ Dex+3 SInv}
rPois  +         Spirit   .     o - +1 helmet {Int+3}
rElec  .         Reflect  .     T - +2 cloak {+Inv}
rCorr  .         Harm     .     x - +2 pair of gloves
MR     ++...     Clarity  +     c - +2 pair of boots {Fly}
Stlth  ..........               Y - amulet of rage
                                t - +4 ring of slaying
                                s - ring of Robustness {AC+8}

@: about to teleport, flying, invisible
A: walk on water, agile 1, blurry vision 3, clarity, deterioration 2, dopey 2,
frail 2, low mp 3, magic resistance 1, slow regeneration 2, weak 2, MP-powered
wands
a: Smiting, Recall Orcish Followers, Give Item to Named Follower, Resurrection,
Renounce Religion, Evoke Berserk Rage, Stop Flying
}: 2/15 runes: barnacled, gossamer


You were on level 3 of the Abyss.
You worshipped Beogh.
Beogh was exalted by your worship.
You were hungry.

You visited 8 branches of the dungeon, and saw 44 of its levels.
You visited the Abyss 1 time.
You also visited: Sewer and Volcano.

You collected 6178 gold pieces.
You spent 4327 gold pieces at shops.

Inventory:

Hand Weapons
 J - a +2 broad axe of electrocution
 Q - the +5 broad axe of Valiance {chop, rPois rF+ Int-3}
   (You took it off a deep elf annihilator on level 3 of the Elven Halls)

   It inflicts extra damage upon your enemies.
   It affects your intelligence (-3).
   It protects you from fire.
   It protects you from poison.
 Z - a +9 demon trident of electrocution (weapon)
Missiles
 X - 7 throwing nets (quivered)
Armour
 c - a +2 pair of boots of flying (worn)
 n - a +2 large shield of cold resistance
 o - a +1 helmet of intelligence (worn)
 x - a +2 pair of gloves (worn)
 C - +11 gold dragon scales (worn)
 I - the +2 shield of the Morning Star (worn) {rC+ Dex+3 SInv}
   (You found it on level 3 of the Abyss)

   It affects your dexterity (+3).
   It protects you from cold.
   It lets you see invisible.
 T - a +2 cloak of invisibility (worn)
Jewellery
 j - an uncursed ring of see invisible
 q - a +5 ring of evasion
 s - the ring of Robustness (left hand) {AC+8}
   (You found it on level 2 of the Shoals)

   [ring of protection]

   It affects your AC (+8).
 t - a +4 ring of slaying (right hand)
 y - an uncursed ring of resist corrosion
 S - the ring "Heqargh" {rF+ rN+ Str-2 Int+4}
   (You took it off a deep elf master archer on level 3 of the Elven Halls)

   [ring of protection from fire]

   It affects your strength (-2).
   It affects your intelligence (+4).
   It protects you from fire.
   It protects you from negative energy.
 W - an uncursed ring of protection from fire
 Y - an amulet of rage (around neck)
Wands
 e - a wand of disintegration (13/24)
 k - a wand of paralysis (12/24)
 u - a wand of acid (7/15)
 z - a wand of disintegration (13/24)
 K - a wand of digging (12/24)
 O - a wand of teleportation (5/9)
Scrolls
 f - 7 scrolls of recharging
 i - 9 scrolls of fear
 l - 6 scrolls of fog
 m - 6 scrolls of magic mapping
 p - 3 scrolls of blinking
 v - 21 scrolls of remove curse
 D - 6 scrolls of teleportation
 G - a scroll of summoning
 U - 10 scrolls of identify
Potions
 b - 10 potions of agility
 h - 4 potions of invisibility
 w - 5 potions of berserk rage
 A - 6 potions of haste
 B - 3 potions of ambrosia
 E - 6 potions of resistance
 F - 19 potions of curing
 H - 4 potions of cancellation
 L - 6 potions of might
 M - 7 potions of cure mutation
Comestibles
 a - 24 meat rations
 d - 30 bread rations
 N - a slice of pizza
 P - 19 fruits
 V - 3 beef jerkies


   Skills:
 * Level 25.5 Fighting
 - Level 22.0(22.5) Axes
 - Level 8.7(15.0) Polearms
 - Level 13.0 Armour
 - Level 12.1 Dodging
 - Level 18.3 Shields
 - Level 1.5 Spellcasting
   Level 2.6 Charms
 + Level 25.3 Invocations


You had 27 spell levels left.
You didn't know any spells.

Dungeon Overview and Level Annotations

Branches:
Dungeon (15/15)            Temple (0/1) D:5            Lair (6/6) D:9
 Shoals (4/4) Lair:4       Spider (4/4) Lair:3        Slime (0/5) Lair:5
    Orc (2/2) D:10            Elf (3/3) Orc:2        Vaults (5/5) D:14
  Crypt (0/3) Vaults:2     Depths (5/5) D:15            Zot (0/5) Depths:5

Altars:
Ashenzari
Cheibriados
Dithmenos
Elyvilon
Fedhas
Gozag
Kikubaaqudgha
Okawaru
Qazlal
Ru
Sif Muna
Trog
Uskayaw
Xom
Yredelemnul
Beogh
Jiyva

Shops:
D:10 :[   Orc:2 *:[(%   Elf:1 (   Elf:2 !(}   Elf:3 [[   Vaults:1 (
Vaults:2 =   Vaults:3 }

Portals:
Hell: Depths:1 Depths:2 Depths:3 Depths:5
Abyss: Depths:4
Pandemonium: Depths:3
Ziggurat: Depths:5


Innate Abilities, Weirdness & Mutations

You can walk on water.
You are agile. (Dex +2)
You possess an exceptional clarity of mind.
You are resistant to hostile enchantments. (MR+)
[Scrolls take you much longer to read.]
[Your body often deteriorates upon taking damage.]
[You are very dopey. (Int -4)]
[You are very frail. (-20% HP)]
[Your magical capacity is extremely low. (-30% MP)]
[You do not regenerate when monsters are visible.]
[You are very weak. (Str -4)]
[You expend magic power (3 MP) to strengthen your wands.]


Message History

The Hell Sentinel hits you but does no damage.
The Hell Sentinel barely misses you.
The large abomination hits you but does no damage.
You continue reading the scroll.
The large abomination hits you.
* * * LOW HITPOINT WARNING * * *
The apocalypse crab bites you but does no damage.
The apocalypse crab completely misses you.
The Hell Sentinel gestures at you. The iron shot hits you!
As you read the scroll of teleportation, it crumbles to dust.
You feel strangely unstable.
You feel the power of the Abyss delaying your translocation!
Unknown command.
Really read with blurry vision while enemies are nearby?
Okay, then.
You fade into invisibility!
The large abomination closely misses you.
The large abomination hits you!
You die...

.. #... ... # . .. .
##...###...###... #
..
..#.....#.....#.....#
. .. .
................. ..
. . ......h....... .
. . . ......
.)Z..h......... .
.#... .#..h..# . ..
## .o. ##tXX## # ..
#.....#)1@..# . . .
......)*........
......
................ ..
.... ............?...
# .
.#.....#.....#.....
#.. # ...###...###...
# .. .#.... #.....
.... .... .... .....
.. . . . . .. .


You could see a Hell Sentinel, a wretched star, an apocalypse crab, 2 large
abominations, 3 raiju and an ettin zombie.

Vanquished Creatures
  2 ancient liches (Depths:3)
  Mara (Spider:3)
  Xtahua (Vaults:2)
  Jory (Vaults:3)
  2 bone dragons (Abyss:3)
  2 tentacled monstrosities
  3 liches
  A deep elf blademaster (Elf:3)
  Polyphemus (Shoals:3)
  2 deep elf master archers (Elf:3)
  3 acid blobs (Depths:3)
  5 tentacled starspawn (Abyss:3)
  A kraken (Shoals:4)
  Frances (Shoals:1)
  3 sphinxes
  2 tengu reavers
  A daeva (Abyss:3)
  3 azure jellies (Depths:3)
  11 fire giants
  7 frost giants
  An iron dragon (Vaults:4)
  A balrug (Depths:2)
  2 emperor scorpions (Spider:4)
  A ghost moth (Spider:4)
  6 vault wardens
  7 deep elf sorcerers
  A curse skull (Depths:3)
  5 deep elf elementalists
  A spriggan defender (Depths:4)
  29 very ugly things
  9 ironheart preservers
  A reaper (Abyss:2)
  13 stone giants
  A draconian caller (Depths:5)
  2 entropy weavers
  A vampire knight (Depths:2)
  2 green draconians (Depths:5)
  5 deep elf demonologists
  A black draconian (Abyss:3)
  A purple draconian (Depths:5)
  5 deep elf annihilators
  A lorocyproca (Abyss:3)
  11 spark wasps
  6 ettins
  A spark wasp (shapeshifter) (D:14)
  An ettin (shapeshifter) (Vaults:2)
  4 merfolk javelineers
  3 deep elf high priests (Elf:3)
  5 death oozes
  10 fire dragons
  10 yaktaur captains
  4 merfolk impalers
  4 deep elf death magi
  7 rakshasas
  8 ice dragons
  9 great orbs of eyes
  3 merfolk avatars
  A catoblepas (Shoals:3)
  An ice dragon (shapeshifter) (Depths:5)
  3 spriggan air magi
  27 vault guards
  A peacekeeper (Vaults:2)
  A hydra (Lair:3)
  15 ogre magi
  14 deep troll shamans
  Erica (Orc:1)
  3 merfolk aquamancers (Shoals:4)
  6 centaur warriors
  A death knight (D:13)
  12 dancing weapons
  6 tengu warriors
  4 death scarabs (Spider:4)
  A satyr (Shoals:3)
  3 death yaks (Shoals:3)
  2 vampire magi
  3 spriggan berserkers
  The ghost of miloradov the Covert, a journeyman KoEn of Dithmenos (D:8)
  10 deep troll earth magi
  6 thrashing horrors (Abyss:3)
  An orc high priest (Elf:1)
  8 soul eaters (Depths:3)
  2 sun demons (Depths:2)
  3 hell knights
  14 deep elf knights
  8 skeletal warriors
  A salamander mystic (Volcano)
  2 flayed ghosts
  6 iron trolls
  4 unseen horrors
  4 sea snakes
  31 deep trolls
  A shadow demon (Depths:3)
  10 large abominations
  6 wizards
  An anaconda zombie (Abyss:2)
  14 starcursed masses
  16 deep elf archers
  2 glowing orange brains
  6 hill giants
  2 wolf spider zombies
  4 harpies (Shoals:4)
  2 orc knights
  5 necromancers
  2 orb spiders (Spider:2)
  A tengu zombie (Vaults:3)
  11 ironbrand convokers
  24 ugly things
  A human zombie (Vaults:3)
  A shining eye (shapeshifter) (Vaults:4)
  69 deep elf magi
  21 wolf spiders
  A stone giant zombie (Vaults:2)
  16 fauns
  9 manticores
  A worldbinder (Abyss:3)
  5 salamanders (Volcano)
  An oklob plant (Lair:5)
  8 cyclopes
  3 elephants (Shoals:3)
  A tengu skeleton (Vaults:3)
  Maurice (D:11)
  4 moths of wrath
  6 vault sentinels
  7 water nymphs
  A rust devil (Abyss:2)
  2 black mambas (shapeshifter)
  2 black mambas
  An orange demon (Abyss:3)
  2 stone giant skeletons
  9 sirens
  A centaur zombie (D:15)
  3 spectral swamp worms (Depths:1)
  9 spiny frogs
  A molten gargoyle (Volcano)
  A guardian serpent (shapeshifter) (Abyss:3)
  An apocalypse crab (Abyss:3)
  Psyche (D:8)
  A rime drake (shapeshifter) (Vaults:3)
  A rime drake (Lair:1)
  5 smoke demons (Abyss:3)
  A spectral redback (Spider:4)
  46 yaktaurs
  3 freezing wraiths
  11 demonic crawlers
  A spark wasp simulacrum (Depths:3)
  2 komodo dragons
  4 ancient zymes
  2 kobold demonologists
  A komodo dragon (shapeshifter) (Vaults:1)
  A tengu conjurer (Depths:4)
  12 jumping spiders
  4 meliai
  A spectral tarantella (Spider:4)
  2 trolls
  A silent spectre (Depths:3)
  11 two-headed ogres
  A meliai (shapeshifter) (Vaults:1)
  A wind drake (shapeshifter) (Abyss:3)
  21 merfolk
  A jumping spider zombie (Spider:4)
  3 wind drakes
  A polar bear (Lair:6)
  A saltling (Vaults:2)
  A spectral jumping spider (Spider:4)
  2 harpy skeletons
  7 hornets
  Prince Ribbit (D:8)
  A stone giant simulacrum (Vaults:2)
  9 raiju
  21 slime creatures
  4 hippogriffs
  2 dream sheep (Shoals:2)
  10 blink frogs
  9 small abominations
  4 snapping turtles
  2 snapping turtles (shapeshifter) (Depths:2)
  55 redbacks
  4 air elementals
  2 flying skulls (Abyss:3)
  3 shadows
  7 spriggans
  A spriggan (shapeshifter) (Depths:2)
  25 tarantellas
  25 yaks
  9 ynoxinuls
  9 fire bats
  5 wraiths
  A vampire (Abyss:3)
  12 water elementals
  A dire elephant simulacrum (Abyss:3)
  2 wyverns
  10 vampire mosquitoes
  Grum (D:8)
  3 chaos spawn
  A hungry ghost (D:14)
  A fire elemental (Elf:3)
  A neqoxec (Abyss:2)
  9 wargs
  An insubstantial wisp (Abyss:2)
  Edmund (D:5)
  3 mottled dragons
  5 water moccasins
  A hell hound (Abyss:3)
  A porcupine (shapeshifter) (Vaults:1)
  9 porcupines
  2 floating eyes (shapeshifter)
  2 floating eyes
  Purgy (Sewer)
  An eye of draining (D:12)
  8 orc warriors
  3 black bears
  6 ice beasts
  A sky beast (D:14)
  A necrophage (D:9)
  41 ogres
  24 wolves
  5 boggarts
  11 centaurs
  7 crocodiles
  12 bullfrogs
  A human skeleton (Vaults:3)
  A wyvern zombie (D:7)
  17 scorpions
  A human simulacrum (Vaults:3)
  9 killer bees
  15 wights
  2 electric eels
  4 crimson imps
  5 lava snakes (Volcano)
  A quasit (D:9)
  A bullfrog zombie (D:12)
  A hound (shapeshifter) (D:14)
  9 hounds
  5 jellies
  6 orc priests
  10 orc wizards
  3 bullfrog skeletons
  An iron imp (Abyss:3)
  5 centaur skeletons
  6 iguanas
  10 worker ants
  A spriggan simulacrum (Abyss:3)
  11 adders
  A shadow imp (D:10)
  3 white imps
  3 ufetubi
  5 oozes
  2 adder skeletons
  An adder zombie (D:6)
  6 worms
  3 dart slugs
  11 leopard geckos
  45 orcs
  2 ball pythons
  10 bats
  4 giant cockroaches
  6 hobgoblins
  8 jackals
  7 quokkas
  5 frilled lizards
  7 goblins
  17 kobolds
  8 rats
  5 bushes
  2 fungi
  14 plants
  6 starspawn tentacles (Abyss:3)
  A tentacle (Shoals:4)
1589 creatures vanquished.

Vanquished Creatures (collateral kills)
  Sojobo (Depths:1)
  Frederick (Vaults:3)
  Nikola (Spider:4)
  2 golden dragons (Depths:5)
  3 liches (Depths:3)
  Jorgrun (Depths:1)
  Asterion (Spider:3)
  2 acid blobs (Depths:3)
  The ghost of bosm the Fencer, an adept DsGl of Hepliaklqana (Spider:4)
  Gastronok (Lair:1)
  A sphinx (Vaults:3)
  A tentacled starspawn (Abyss:3)
  Ilsuiw (Shoals:4)
  2 tengu reavers (Depths:1)
  Donald (Spider:4)
  3 frost giants
  A deep elf sorcerer (Elf:3)
  2 vault wardens (Vaults:2)
  Aizul (Spider:3)
  An iron dragon (Depths:5)
  A ghost moth (Spider:3)
  4 emperor scorpions
  2 draconian shifters
  Louise (Spider:4)
  An orc warlord (Orc:2)
  5 stone giants
  7 very ugly things
  3 ironheart preservers
  5 entropy weavers
  The ghost of Gets the Cleaver, a journeyman MiMo of Okawaru (Lair:6)
  A spark wasp (Spider:4)
  5 deep elf annihilators
  A yellow draconian (Depths:5)
  4 merfolk javelineers (Shoals:4)
  3 deep elf death magi
  4 death oozes (Depths:3)
  A crystal guardian (Vaults:4)
  A minotaur (Shoals:3)
  4 merfolk impalers
  2 fire dragons
  A great orb of eyes (shapeshifter) (Depths:4)
  An ice dragon (Depths:2)
  3 yaktaur captains
  A spriggan air mage (Depths:3)
  5 great orbs of eyes
  3 hydras
  A rakshasa (Vaults:2)
  6 vault guards
  An anaconda (shapeshifter) (Vaults:3)
  3 merfolk avatars
  3 merfolk aquamancers
  A centaur warrior (D:15)
  An alligator snapping turtle (Shoals:4)
  A deep troll shaman (Depths:1)
  2 satyrs
  19 dancing weapons
  4 death scarabs (Spider:4)
  A death yak (Shoals:2)
  2 tengu warriors (Depths:1)
  3 ogre magi
  4 deep troll earth magi
  A shock serpent (shapeshifter) (Depths:5)
  3 orc high priests (Orc:2)
  2 thrashing horrors (Abyss:3)
  8 deep elf knights
  A spriggan berserker (Depths:3)
  Sonja (D:12)
  A slime creature (Vaults:2)
  6 sea snakes
  A golden dragon zombie (Depths:3)
  An iron troll (Depths:5)
  2 skeletal warriors
  An unseen horror (D:15)
  A flayed ghost (Depths:2)
  7 deep trolls
  A storm dragon skeleton (Vaults:3)
  A glowing orange brain (Depths:1)
  A shadow dragon zombie (Depths:3)
  7 deep elf archers
  6 orc knights
  A wizard (Depths:1)
  2 hill giants
  5 harpies (Shoals:1)
  2 ironbrand convokers
  2 spectral wolf spiders (Spider:4)
  An orb spider (shapeshifter) (Vaults:2)
  24 deep elf magi
  13 orb spiders
  17 wolf spiders
  2 necromancers (Depths:3)
  4 orc sorcerers
  5 fauns
  3 oklob plants (Lair:3)
  17 ugly things
  A phantasmal warrior (D:13)
  7 manticores
  A moth of wrath (Spider:2)
  3 large abominations (Abyss:3)
  A vault sentinel (Vaults:2)
  2 cyclopes
  5 sirens
  A black mamba (Lair:3)
  4 spiny frogs
  3 centaur skeletons
  A water nymph (Shoals:1)
  2 spectral swamp worms (Depths:1)
  A gargoyle (D:12)
  An orc skeleton (Vaults:2)
  5 spectral redbacks (Spider:4)
  4 freezing wraiths
  4 yaktaurs
  6 demonic crawlers
  An efreet (D:15)
  A golden dragon simulacrum (Depths:3)
  2 tengu conjurers
  3 redback zombies
  A starcursed mass (Abyss:3)
  15 merfolk
  4 trolls
  A queen bee (shapeshifter) (Elf:3)
  2 meliai
  17 jumping spiders
  A spectral jumping spider (Spider:4)
  2 spectral tarantellas (Spider:4)
  11 hornets
  A wind drake (Shoals:4)
  2 polar bears (Lair:6)
  15 blink frogs
  2 saltlings (Vaults:2)
  6 two-headed ogres
  2 raiju (Abyss:3)
  A blink frog (shapeshifter) (D:14)
  4 snapping turtles
  6 hippogriffs
  A vampire (D:15)
  20 redbacks
  12 tarantellas
  An air elemental (Depths:3)
  13 yaks
  8 spriggans
  7 water elementals
  A fire bat (Lair:3)
  3 wyverns
  A hungry ghost (D:14)
  2 vampire mosquitoes (D:12)
  A small abomination (Abyss:3)
  3 basilisks
  A warg (Vaults:3)
  A mottled dragon (Vaults:2)
  7 water moccasins
  10 orc warriors
  A deep troll skeleton (Vaults:2)
  A sky beast (D:12)
  13 ogres
  A black bear (Lair:6)
  A necrophage (D:12)
  6 boggarts
  2 hornet zombies (Spider:4)
  4 phantoms
  16 wolves
  6 centaurs
  A wolf (shapeshifter) (Vaults:2)
  9 crocodiles
  2 big kobolds
  3 bullfrogs
  A glowing shapeshifter simulacrum (Depths:3)
  A wyvern zombie (D:10)
  17 scorpions (Spider:1)
  An electric eel (Lair:4)
  5 wights
  2 quasits
  A hound (D:9)
  A jelly (Depths:3)
  2 orc priests
  2 orc wizards
  3 worker ants
  A shadow imp (D:15)
  An ufetubus (Abyss:3)
  2 orcs
  2 kobolds (D:11)
  7 bushes
  24 fungi
  48 plants
  A tentacle (Shoals:4)
732 creatures vanquished.

Vanquished Creatures (others)
  An orc warlord (Spider:4)
  A stone giant (Depths:2)
  An ice dragon (Depths:3)
  A rakshasa (Depths:2)
  3 orc high priests
  A soul eater (Abyss:3)
  2 deep elf knights (Elf:2)
  31 orc knights
  5 orc sorcerers
  A deep elf archer (Elf:2)
  A deep elf mage (Elf:2)
  An ironbrand convoker (Vaults:4)
  A human zombie (Vaults:3)
  23 orc priests
  45 orc warriors
  A two-headed ogre (Vaults:4)
  A large abomination (Abyss:3)
  A redback (Spider:4)
  A tarantella (Spider:4)
  A human (Depths:3)
  A small abomination (Abyss:3)
  21 orc wizards
  50 orcs
  3 fungi
  52 plants
  14 starspawn tentacles (Abyss:3)
  2 tentacles (Shoals:4)
266 creatures vanquished.

Grand Total: 2587 creatures vanquished

Notes
Turn   | Place    | Note
-------+----------+-------------------------------------------
     0 | D:1      | GordonOverkill the Hill Orc Skald began the quest for the Orb.
     0 | D:1      | Reached XP level 1. HP: 18/18 MP: 3/3
    49 | D:1      | Reached XP level 2. HP: 20/25 MP: 4/4
   528 | D:1      | Reached XP level 3. HP: 27/30 MP: 5/5
  1118 | D:1      | Reached XP level 4. HP: 38/38 MP: 6/6
  1900 | D:2      | Reached skill level 5 in Axes
  1924 | D:2      | Reached XP level 5. HP: 15/45 MP: 7/7
  2169 | D:2      | Found a shimmering altar of Xom.
  3028 | D:3      | Found a glowing drain.
  3037 | Sewer    | Entered a sewer
  3079 | Sewer    | Noticed Purgy
  3106 | Sewer    | Killed Purgy
  3106 | Sewer    | Reached XP level 6. HP: 27/52 MP: 8/8
  3402 | D:3      | Found a basalt altar of Yredelemnul.
  3867 | D:4      | Noticed a black bear
  3873 | D:4      | Killed a black bear
  3873 | D:4      | Reached skill level 1 in Shields
  4161 | D:4      | Reached XP level 7. HP: 60/60 MP: 9/9
  4330 | D:4      | Became a worshipper of Beogh the Brigand
  4442 | D:5      | Entered Level 5 of the Dungeon
  4451 | D:4      | Reached skill level 5 in Fighting
  4612 | D:5      | Found a staircase to the Ecumenical Temple.
  4634 | D:5      | Noticed Edmund
  4711 | D:5      | Reached skill level 1 in Invocations
  5211 | D:5      | Killed Edmund
  5211 | D:5      | Reached XP level 8. HP: 63/70 MP: 10/10
  5788 | D:6      | Reached * piety under Beogh
  5838 | D:6      | Got a coiled brass ring
  6121 | D:6      | Identified the ring "Bionuidgh" {Int+3 Dex+4 Stlth+} (You found it on level 6 of the Dungeon)
  7098 | D:7      | Reached XP level 9. HP: 77/78 MP: 12/12
  7122 | D:7      | Reached skill level 10 in Axes
  7529 | D:7      | Reached skill level 5 in Invocations
  7857 | D:7      | Reached skill level 5 in Shields
  8031 | D:8      | Noticed Grum
  8236 | D:8      | Killed Grum
  8249 | D:8      | Reached ** piety under Beogh
  8295 | D:8      | Found a snail-covered altar of Cheibriados.
  8341 | D:8      | Noticed miloradov's ghost (journeyman KoEn)
  8447 | D:8      | Killed miloradov's ghost
  8447 | D:8      | Reached XP level 10. HP: 48/90 MP: 13/15
  8640 | D:8      | Found a shattered altar of Ashenzari.
  8663 | D:8      | Found an opulent altar of Gozag.
  8807 | D:8      | Noticed Prince Ribbit
  8829 | D:8      | Killed Prince Ribbit
  9122 | D:8      | Found a deep blue altar of Sif Muna.
  9136 | D:8      | Found a stormy altar of Qazlal.
  9197 | D:8      | Noticed Psyche
  9214 | D:8      | Killed Psyche
  9347 | D:9      | Found an iron altar of Okawaru.
  9434 | D:9      | Noticed a hill giant
  9446 | D:9      | Killed a hill giant
  9466 | D:9      | Found an ancient bone altar of Kikubaaqudgha.
  9675 | D:9      | Found a white marble altar of Elyvilon.
  9688 | D:9      | Found a blossoming altar of Fedhas.
  9689 | D:9      | Found a shadowy altar of Dithmenos.
  9795 | D:9      | Found a staircase to the Lair.
  9925 | D:10     | Entered Level 10 of the Dungeon
  9958 | D:10     | Noticed a hill giant
 10057 | D:9      | Reached *** piety under Beogh
 10090 | D:10     | Killed a hill giant
 10320 | D:10     | Found Webeg's Antique Armour Shop.
 10350 | D:10     | Found Voptegg's Book Emporium.
 10361 | D:10     | Found a staircase to the Orcish Mines.
 10688 | D:10     | Noticed a hill giant
 10696 | D:10     | Killed a hill giant
 10696 | D:10     | Reached XP level 11. HP: 52/97 MP: 17/17
 11195 | D:11     | Noticed a green ugly thing
 11209 | D:11     | Killed a green ugly thing
 11216 | D:11     | Gained mutation: You possess an exceptional clarity of mind. [potion of beneficial mutation]
 11547 | D:11     | Noticed Maurice
 12010 | D:11     | Noticed a centaur warrior
 12011 | D:11     | Killed Maurice
 12011 | D:11     | Reached skill level 10 in Fighting
 12020 | D:11     | Killed a centaur warrior
 12193 | D:11     | Reached **** piety under Beogh
 12531 | D:11     | Noticed a red ugly thing
 12541 | D:11     | Killed a red ugly thing
 12776 | D:12     | Noticed a hill giant
 12783 | D:12     | Killed a hill giant
 12909 | D:12     | Noticed a cyclops
 12923 | D:12     | Killed a cyclops
 12923 | D:12     | Reached skill level 5 in Armour
 13162 | D:12     | Noticed a manticore
 13172 | D:12     | Killed a manticore
 13309 | D:12     | Killed an unseen horror
 13309 | D:12     | Reached skill level 15 in Axes
 13309 | D:12     | Reached XP level 12. HP: 75/106 MP: 19/19
 13432 | D:12     | Reached skill level 10 in Invocations
 13544 | D:12     | Noticed Sonja
 13549 | D:12     | Killed Sonja
 14275 | D:13     | Reached ***** piety under Beogh
 15052 | D:13     | Noticed a death knight
 15067 | D:13     | Killed a death knight
 15651 | Lair:1   | Entered Level 1 of the Lair of Beasts
 15723 | Lair:1   | Found a stormy altar of Qazlal.
 15760 | Lair:1   | Noticed Gastronok
 15774 | Lair:1   | Killed Gastronok
 15774 | Lair:1   | Reached skill level 10 in Shields
 15774 | Lair:1   | Reached XP level 13. HP: 42/113 MP: 21/21
 17146 | Lair:2   | Got a shimmering plate armour
 17147 | Lair:2   | Identified the +5 plate armour "Kacuyroll" {*Slow Str+3 SInv} (You found it on level 2 of the Lair of Beasts)
 17177 | Lair:2   | Gained Oreg as an ally
 17529 | Lair:3   | Found a dark tunnel.
 17635 | Volcano  | Entered a volcano
 17970 | Volcano  | Found a radiant altar of Vehumet.
 17999 | Volcano  | HP: 4/113 [molten gargoyle/bolt of magma (12)]
 19146 | Lair:3   | Found a hole to the Spider Nest.
 20394 | Lair:4   | Reached XP level 14. HP: 121/121 MP: 17/23
 20913 | Lair:4   | Found a staircase to the Shoals.
 21939 | Lair:5   | Found a viscous altar of Jiyva.
 21940 | Lair:5   | Found a staircase to the Slime Pits.
 22322 | Lair:5   | Gained Bogrim as an ally
 22538 | Lair:6   | Entered Level 6 of the Lair of Beasts
 22649 | Lair:6   | Noticed Gets's ghost (journeyman MiMo)
 22664 | Lair:6   | Killed Gets's ghost
 22780 | Lair:6   | Reached ****** piety under Beogh
 22859 | Lair:6   | Your ally Bogrim died
 22873 | Lair:6   | Gained Grimold as an ally
 22905 | Lair:6   | Gained Learuk as an ally
 23082 | Lair:6   | Reached skill level 10 in Armour
 24604 | Orc:1    | Entered Level 1 of the Orcish Mines
 24604 | Orc:1    | Found a roughly hewn altar of Beogh.
 24604 | Orc:1    | Noticed Erica
 24616 | Orc:1    | Killed Erica
 24982 | Orc:2    | Entered Level 2 of the Orcish Mines
 24983 | Orc:2    | Found a staircase to the Elven Halls.
 25050 | Orc:2    | Found Vaycs's Book Emporium.
 25263 | Orc:2    | Found Uteipif's General Store.
 25264 | Orc:2    | Noticed an orc warlord
 25280 | Orc:2    | Your ally Learuk died
 25283 | Orc:2    | Gained Ugrim as an ally
 25287 | Orc:2    | Killed an orc warlord
 25293 | Orc:2    | Gained Bogmar as an ally
 25570 | Orc:2    | Bought a potion of curing for 39 gold pieces
 25570 | Orc:2    | Bought a +5 ring of evasion for 715 gold pieces
 25803 | Orc:2    | Found Zeim's Food Emporium.
 25880 | Orc:2    | Found Ibounuoh's Antique Weapon Emporium.
 25895 | Orc:2    | Your ally Bogmar died
 26205 | Orc:2    | Bought a shimmering war axe for 246 gold pieces
 26205 | Orc:2    | Identified the +7 war axe of Pandemonium {chop, *Noise rPois rF- rC+++} (You bought it in a shop on level 2 of the Orcish Mines)
 26240 | Orc:2    | Found Quixkeol's Antique Armour Shop.
 26251 | Orc:2    | Bought a glowing helmet for 273 gold pieces
 26650 | D:15     | Entered Level 15 of the Dungeon
 26800 | D:14     | Reached XP level 15. HP: 106/126 MP: 25/25
 27026 | D:14     | Gained Syrus as an ally
 27082 | D:14     | Found a gate to the Vaults.
 27915 | D:15     | Found a staircase to the Depths.
 29339 | Spider:1 | Entered Level 1 of the Spider Nest
 29712 | Spider:1 | Gained Ognian as an ally
 29800 | Spider:1 | Noticed an emperor scorpion
 29803 | Spider:1 | Noticed an emperor scorpion
 29821 | Spider:1 | Your ally Ognian died
 29831 | Spider:1 | Killed an emperor scorpion
 29837 | Spider:1 | Killed an emperor scorpion
 29847 | Spider:1 | Reached skill level 15 in Invocations
 30228 | Spider:1 | Your ally Syrus died
 30233 | Spider:1 | Gained Argrim as an ally
 31378 | Spider:2 | Reached XP level 16. HP: 79/134 MP: 27/27
 32439 | Spider:3 | Gained mutation: You are agile. (Dex +2) [potion of beneficial mutation]
 32462 | Spider:3 | Gained Orbeogh as an ally
 32585 | Spider:3 | Noticed Mara
 32622 | Spider:3 | Killed Mara
 33129 | Spider:3 | Your ally Argrim died
 33134 | Spider:3 | Killed Aizul
 33247 | Spider:3 | Gained Grimold as an ally
 33519 | Spider:4 | Entered Level 4 of the Spider Nest
 33519 | Spider:4 | Noticed Donald
 33661 | Spider:4 | Noticed bosm's ghost (adept DsGl)
 33666 | Spider:4 | Noticed Asterion
 33666 | Spider:4 | Killed Donald
 33667 | Spider:4 | Noticed Nikola
 34042 | Spider:3 | Your ally Grimold died
 34042 | Spider:3 | Killed Asterion
 34287 | Spider:4 | Noticed Louise
 34291 | Spider:4 | Killed bosm's ghost
 34294 | Spider:4 | Killed Nikola
 34299 | Spider:4 | Killed Louise
 34307 | Spider:4 | Got a translucent shield
 34339 | Spider:3 | Your ally Grimold died
 34608 | Spider:3 | Identified the cursed +0 shield of the Blessed Realm {MR+ Dex+4 Stlth-} (You took it off Donald on level 4 of the Spider Nest)
 34901 | Spider:4 | Reached skill level 1 in Polearms
 35298 | Spider:4 | Your ally Syrus died
 35303 | Spider:4 | Gained Zartorak as an ally
 35935 | Lair:1   | Gained mutation: You are resistant to hostile enchantments. (MR+) [potion of beneficial mutation]
 36017 | Shoals:1 | Entered Level 1 of the Shoals
 36371 | Shoals:1 | Noticed Frances
 36381 | Shoals:1 | Reached XP level 17. HP: 140/140 MP: 29/29
 36402 | Shoals:1 | Killed Frances
 37353 | Shoals:1 | Reached skill level 5 in Polearms
 37387 | Shoals:1 | Your ally Zartorak died
 38794 | Shoals:2 | Gained Morbeogh as an ally
 39131 | Shoals:3 | Noticed Polyphemus
 39721 | Shoals:3 | Killed Polyphemus
 41257 | Shoals:3 | Found a hide-covered altar of Uskayaw.
 41441 | Shoals:3 | Reached skill level 15 in Shields
 41647 | Shoals:3 | Reached skill level 1 in Dodging
 41744 | Shoals:4 | Entered Level 4 of the Shoals
 41976 | Shoals:4 | Killed Ilsuiw
 42281 | Shoals:4 | Reached XP level 18. HP: 73/147 MP: 23/30
 42358 | Shoals:4 | Got a barnacled rune of Zot
 44732 | Spider:4 | Your ally Morbeogh died
 44748 | Spider:4 | Your ally Oreg died
 44780 | Spider:4 | Got a gossamer rune of Zot
 45380 | Elf:1    | Entered Level 1 of the Elven Halls
 45410 | Elf:1    | Reached skill level 5 in Dodging
 45837 | Elf:1    | Found Qigu's Weapon Emporium.
 47069 | Elf:2    | Gained Morbeogh as an ally
 47146 | Elf:2    | Found Joeno's Weapon Shoppe.
 47298 | Elf:2    | Found Lirhinlutz's Distillery.
 47490 | Elf:2    | Bought a potion of heal wounds for 75 gold pieces
 47490 | Elf:2    | Bought a potion of cure mutation for 375 gold pieces
 47490 | Elf:2    | Bought a potion of agility for 60 gold pieces
 47490 | Elf:2    | Bought a potion of cure mutation for 375 gold pieces
 47490 | Elf:2    | Bought a potion of might for 60 gold pieces
 47490 | Elf:2    | Bought a potion of agility for 60 gold pieces
 47490 | Elf:2    | Bought a potion of curing for 45 gold pieces
 47490 | Elf:2    | Bought a potion of heal wounds for 75 gold pieces
 47490 | Elf:2    | Bought a potion of cure mutation for 375 gold pieces
 47647 | Elf:2    | Your ally Morbeogh died
 47991 | Elf:2    | Found a runed gate.
 47991 | Elf:2    | Found a runed gate.
 48002 | Elf:2    | Reached XP level 19. HP: 156/158 MP: 32/32
 48346 | Elf:2    | Found a runed gate.
 49333 | Elf:2    | Found Riunomix's Gadget Shop.
 49383 | Elf:3    | Entered Level 3 of the Elven Halls
 49988 | Elf:3    | Found Saaskor's Antique Armour Shoppe.
 49988 | Elf:3    | Found Ynotaop's Antique Armour Emporium.
 50988 | Elf:3    | Got a brightly glowing lajatang {freeze}
 51040 | Elf:3    | Noticed a Hell Sentinel
 51064 | Elf:3    | Gained Arkwar as an ally
 51074 | Elf:3    | Your ally Arkwar died
 51799 | Elf:3    | Got a steaming golden ring
 52112 | Elf:3    | Gained Borgoth as an ally
 52132 | Elf:3    | Got an iridescent broad axe {chop}
 52133 | Elf:3    | Identified the +5 broad axe of Valiance {chop, rPois rF+ Int-3} (You took it off a deep elf annihilator on level 3 of the Elven Halls)
 52158 | Elf:3    | Got an uncursed crystal dire flail {drain}
 52221 | Elf:3    | Identified the ring "Heqargh" {rF+ rN+ Str-2 Int+4} (You took it off a deep elf master archer on level 3 of the Elven Halls)
 52241 | Elf:3    | Identified Gerofyta's Papyrus of Stones and Toxins
 52377 | Elf:3    | Got a bronze chain mail
 52378 | Elf:3    | Identified the +1 chain mail "Veirph" {rC- rN+ Str+3} (You found it on level 3 of the Elven Halls)
 52431 | Elf:3    | Gained Wulfoc as an ally
 53144 | Vaults:1 | Entered Level 1 of the Vaults
 53212 | Vaults:1 | Reached XP level 20. HP: 99/176 MP: 32/34
 53789 | Vaults:1 | Reached skill level 15 in Fighting
 54207 | Vaults:1 | Got a warped trident
 54208 | Vaults:1 | Identified the +10 trident "Neho" {flame, rF+ rN+} (You found it on level 1 of the Vaults)
 54318 | Vaults:1 | Found a bloodstained altar of Trog.
 54704 | Vaults:1 | Found Akastru's Weapon Boutique.
 55639 | Vaults:2 | Gained Wargath as an ally
 56014 | Vaults:2 | Found a staircase to the Crypt.
 56014 | Vaults:2 | Found an ancient bone altar of Kikubaaqudgha.
 56014 | Vaults:2 | Found a basalt altar of Yredelemnul.
 56030 | Vaults:2 | Gained Warrok as an ally
 56066 | Vaults:2 | Found Hicoro's Jewellery Boutique.
 56072 | Vaults:2 | Bought an uncursed ring of see invisible for 210 gold pieces
 56072 | Vaults:2 | Bought a +4 ring of slaying for 1092 gold pieces
 56086 | Vaults:2 | Your ally Warrok died
 56408 | Vaults:2 | Your ally Wargath died
 56411 | Vaults:2 | Gained Oreg as an ally
 56422 | Vaults:2 | Noticed Xtahua
 56435 | Vaults:2 | Killed Xtahua
 56461 | Vaults:2 | Your ally Oreg died
 57283 | Vaults:2 | Gained Orkrul as an ally
 57283 | Vaults:2 | Reached XP level 21. HP: 191/191 MP: 35/35
 57289 | Vaults:2 | Your ally Orkrul died
 58450 | Vaults:3 | Gained Geork as an ally
 58579 | Vaults:3 | Noticed Jory
 58594 | Vaults:3 | Killed Jory
 58594 | Vaults:3 | Reached skill level 10 in Dodging
 58882 | Vaults:3 | Gained Zartorak as an ally
 58955 | Vaults:3 | Found Xifaph's Gadget Boutique.
 58976 | Vaults:3 | Bought a wand of acid (5/15) for 252 gold pieces
 59172 | Vaults:3 | Your ally Zartorak died
 59244 | Vaults:3 | Gained Thorok as an ally
 59245 | Vaults:3 | Gained Wargrak as an ally
 59702 | Vaults:3 | Noticed Frederick
 59716 | Vaults:3 | Killed Frederick
 60160 | Vaults:4 | Gained Korbok as an ally
 60280 | Vaults:4 | Your ally Korbok died
 60893 | Vaults:5 | Entered Level 5 of the Vaults
 60905 | Vaults:4 | Gained Spirok as an ally
 60972 | Vaults:4 | Your ally Spirok died
 61300 | Vaults:5 | Reached XP level 22. HP: 174/206 MP: 36/36
 61591 | Vaults:4 | Gained Bolgrim as an ally
 61591 | Vaults:4 | Gained Horkud as an ally
 61600 | Vaults:5 | Your ally Horkud died
 61600 | Vaults:5 | Your ally Bolgrim died
 61629 | Vaults:4 | Gained Bogbrand as an ally
 61629 | Vaults:4 | Gained Dorog as an ally
 61629 | Vaults:4 | Gained Warrok as an ally
 61630 | Vaults:4 | Your ally Dorog died
 61638 | Vaults:4 | Your ally Bogbrand died
 62468 | Depths:1 | Entered Level 1 of the Depths
 62841 | Depths:1 | Found a gateway to Hell.
 63209 | Depths:1 | Gained Zorug as an ally
 63296 | Depths:1 | Found a sacrificial altar of Ru.
 63529 | Depths:1 | Noticed Sojobo
 63558 | Depths:1 | Killed Sojobo
 63569 | Depths:1 | Gained Marbork as an ally
 63718 | Depths:1 | Your ally Zorug died
 64001 | Depths:1 | Noticed Jorgrun
 64020 | Depths:1 | Killed Jorgrun
 65530 | Depths:2 | Gained Morguth as an ally
 65546 | Depths:2 | Your ally Morguth died
 65618 | Depths:2 | Reached XP level 23. HP: 220/220 MP: 38/38
 67049 | Depths:2 | Gained Garbold as an ally
 67636 | Depths:3 | Your ally Garbold died
 69448 | Depths:3 | Found a one-way gate leading to the halls of Pandemonium.
 70059 | Depths:3 | Found a runed door.
 70333 | Depths:3 | Noticed an ancient lich
 70334 | Depths:3 | Noticed an ancient lich
 70340 | Depths:3 | Killed an ancient lich
 70340 | Depths:3 | Reached XP level 24. HP: 210/234 MP: 38/38
 70344 | Depths:3 | Killed an ancient lich
 71325 | Depths:4 | Paralysed by a floating eye for 3 turns
 71881 | Depths:4 | Paralysed by a floating eye for 4 turns
 71896 | Depths:4 | Found a one-way gate to the infinite horrors of the Abyss.
 72292 | Depths:5 | Entered Level 5 of the Depths
 72310 | Depths:5 | Found a shadowy altar of Dithmenos.
 72702 | Depths:5 | Found a gate to the Realm of Zot.
 73507 | Depths:5 | Found a gateway to a ziggurat.
 74213 | Depths:2 | Reached XP level 25. HP: 213/245 MP: 39/39
 74721 | Vaults:5 | Cast into level 2 of the Abyss (a deep elf sorcerer)
 74721 | Abyss:2  | Found a corrupted altar of Lugonu.
 74821 | Abyss:2  | Found a corrupted altar of Lugonu.
 75029 | Abyss:2  | Found a corrupted altar of Lugonu.
 75105 | Abyss:2  | Gained mutation: [You are weak. (Str -2)] [a neqoxec]
 75230 | Abyss:3  | Found a corrupted altar of Lugonu.
 75259 | Abyss:3  | Got a faintly glowing shield
 75260 | Abyss:3  | Identified the +2 shield of the Morning Star {rC+ Dex+3 SInv} (You found it on level 3 of the Abyss)
 75483 | Abyss:3  | Gained Okrist as an ally
 75923 | Abyss:3  | Paralysed by accursed screaming for 1 turns
 76208 | Abyss:3  | Gained Morun as an ally
 76246 | Abyss:3  | Your ally Morun died
 76279 | Abyss:3  | Slain by a large abomination

Skill      XL: |  1  2  3  4  5  6  7  8  9 10 11 12 13 14 15 16 17 18 19 20 21 22 23 24 25 |
---------------+----------------------------------------------------------------------------+-----
Axes           | 3 4 5 6 8 9 12 13 15 16 18 19 21 22 | 22.0
Armour         | 2 3 4 5 7 9 10 11 12 13 | 13.0
Fighting       | 3 4 5 6 8 9 10 11 14 17 19 21 22 24 25 | 25.5
Shields        | 1 2 4 6 7 8 10 11 12 13 14 15 16 17 18 | 18.3
Invocations    | 2 4 6 8 9 11 12 14 15 16 17 18 20 21 22 23 24 25 | 25.3
Polearms       | 4 8 |  8.7
Dodging        | 2 6 8 9 10 11 12 | 12.1
Spellcasting   | |  1.5
Charms         | |  2.6

Action                   |  1- 3 |  4- 6 |  7- 9 | 10-12 | 13-15 | 16-18 | 19-21 | 22-24 | 25-27 || total
-------------------------+-------+-------+-------+-------+-------+-------+-------+-------+-------++-------
Melee: Hand axe          |    76 |   210 |   365 |   540 |  1461 |   226 |       |       |       ||  2878
       Demon trident     |       |       |       |       |       |  1536 |  1986 |  1974 |   577 ||  6073
Invok: Convert to Beogh  |       |       |     1 |       |       |       |       |       |       ||     1
       Smiting           |       |       |       |       |     4 |    11 |    10 |     3 |       ||    28
       Give Item to Name |       |       |       |       |     2 |     4 |     5 |     6 |       ||    17
       Recall Orcish Fol |       |       |       |       |     4 |    15 |     1 |     5 |     1 ||    26
       Resurrection      |       |       |       |       |     2 |     1 |     1 |     3 |       ||     7
Evoke: Wand              |       |       |     2 |       |     2 |       |       |     4 |       ||     8
  Use: Scroll            |       |       |    18 |    14 |    13 |    16 |    23 |    11 |     7 ||   102
       Potion            |       |       |       |     2 |     9 |     8 |     1 |     2 |     1 ||    23
 Stab: Distracted        |       |       |       |     6 |     8 |     7 |    13 |    11 |     3 ||    48
       Invisible         |       |       |       |       |     1 |       |       |       |       ||     1
  Eat: Chunk             |     1 |     9 |    14 |    19 |    40 |    42 |    36 |    30 |     7 ||   198
       Beef jerky        |       |       |       |     2 |     2 |     2 |       |       |       ||     6
       Pizza             |       |       |       |     1 |     4 |     2 |     1 |       |       ||     8
       Royal jelly       |       |       |       |       |     2 |       |     3 |     1 |       ||     6
       Fruit             |       |       |       |       |       |     6 |       |     5 |       ||    11
       Bread ration      |       |       |       |       |       |       |     1 |     1 |       ||     2
Armor: Leather armour    |    22 |       |       |       |       |       |       |       |       ||    22
       Scale mail        |       |   132 |    28 |       |       |       |       |       |       ||   160
       Plate armour      |       |       |   114 |   210 |   315 |   592 |   112 |       |       ||  1343
       Chain mail        |       |       |       |       |   160 |       |       |       |       ||   160
       Gold dragon scale |       |       |       |       |       |       |   412 |   759 |   167 ||  1338
Dodge: Dodged            |    60 |    75 |    26 |    31 |   198 |   296 |   203 |   265 |   101 ||  1255
Block: Large shield      |       |    27 |   177 |   324 |  1020 |  1160 |   883 |  1435 |   104 ||  5130
       Shield            |       |       |       |       |       |   104 |   188 |       |   193 ||   485
